 Dungeon Crawl Stone Soup version 0.32-a0-33-g74fbe469d6 (webtiles) character file.

Game seed: 15403736687481350569

786 whatisthis the Magician (level 7, -7/59 HPs)
             Began as an Oni Fire Elementalist on Jan 20, 2024.
             Was a Follower of Sif Muna.
             Mangled by Duvessa
             ... wielding a +1 rapier of speed
              (18 damage)
             ... on level 5 of the Dungeon.
             The game lasted 00:12:40 (5524 turns).

whatisthis the Magician (Oni Fire Elementalist)     Turns: 5524, Time: 00:12:42

Health: -7/59      AC:  4    Str: 13    XL:     7   Next: 87%
Magic:  15/15      EV:  9    Int: 18    God:    Sif Muna [*.....]
Gold:   314        SH:  0    Dex:  9    Spells: 14/17 levels left

rFire   + . .        x - +4 flail
rCold   . . .        (no shield)
rNeg    . . .        a - +0 robe
rPois   .            (helmet restricted)
rElec   .            n - +0 cloak
rCorr   .            (gloves unavailable)
SInv    .            (boots unavailable)
Will    .....        (no amulet)
Stlth   +            j - ring of protection from fire
HPRegen 0.29/turn    (no ring)
MPRegen 0.14/turn

%: no passive effects
@: no status effects
A: large, unfitting armour, horns 1, tough skin 1, double potion healing,
drunken brawling
a: Renounce Religion, Channel Magic


You were on level 5 of the Dungeon.
You worshipped Sif Muna.
Sif Muna was aware of your devotion.
You visited 2 branches of the dungeon, and saw 7 of its levels.

You collected 314 gold pieces.

Inventory:

Hand Weapons
 x - a +4 flail (weapon)
Missiles
 d - 7 poisoned darts
 k - 5 silver javelins
Armour
 a - a +0 robe (worn)
 n - a +0 cloak (worn)
Jewellery
 j - a ring of protection from fire (left hand)
 t - a ring of ice
Wands
 s - a wand of iceblast (7)
Scrolls
 e - 4 scrolls of identify {unknown}
 f - a scroll of blinking {unknown}
 i - 4 scrolls of revelation {unknown}
 m - a scroll of noise {unknown}
 q - a scroll of vulnerability {unknown}
 v - a scroll of immolation
Potions
 c - a potion of berserk rage {unknown}
 g - a potion of enlightenment {unknown}
 h - a potion of degeneration {unknown}
 l - a potion of brilliance {unknown}
 o - a potion of haste {unknown}
 p - 3 potions of curing {unknown}
 r - a potion of invisibility {unknown}
 u - a potion of mutation {unknown}
 w - 3 potions of resistance {unknown}


   Skills:
 - Level 1.7 Dodging
 - Level 1.4 Stealth
 + Level 5.9 Spellcasting
 + Level 4.3 Conjurations
 + Level 5.2 Fire Magic


You had 14 spell levels left.
You knew the following spells:

 Your Spells              Type           Power      Damage    Failure   Level
a - Foxfire               Conj/Fire      88%        2x1d8     1%          1
b - Scorch                Fire           48%        2d7       2%          2

Your spell library contained the following spells:

 Spells                   Type           Power      Damage    Failure   Level
 Momentum Strike          Conj/Tloc      26%        3d8       8%          2
 Necrotise                Necr           20%        1d5       12%         1
 Inner Flame              Hex/Fire       14%        N/A       12%         3
 Volatile Blastmotes      Fire/Tloc      28%        2d12      12%         3
 Flame Wave               Conj/Fire      22%        2d8       17%         4
 Blink                    Tloc           10%        N/A       19%         2
 Ensorcelled Hibernation  Hex/Ice        10%        N/A       19%         2
 Lesser Beckoning         Tloc           10%        N/A       19%         2
 Fugue of the Fallen      Necr           5%         N/A       36%         3
 Vampiric Draining        Necr           5%         2d6       36%         3
 Anguish                  Hex/Necr       2%         N/A       77%         4
 Martyr's Knell           Necr/Summ      5%         N/A       77%         4
 Curse of Agony           Necr           5%         N/A       98%         5


Dungeon Overview and Level Annotations

Branches:
Dungeon (6/15)             Temple (1/1) D:4

Altars:
Elyvilon
Gozag
Hepliaklqana
Kikubaaqudgha
Makhleb
Nemelex Xobeh
Sif Muna
Uskayaw
Vehumet
Wu Jian
Xom
Yredelemnul
The Shining One

Shops:
D:1 (

Annotations:
D:2 exclusion: gnoll
D:3 1 runed translucent door, asd2613's ghost, amateur DrSh
D:5 Duvessa


Innate Abilities, Weirdness & Mutations

You are too large for most types of armour.
You have a pair of small horns on your head.
You have tough skin. (AC +1)
You gain doubled healing and magic from potions.
Whenever you drink a healing potion, you attack all around you.


Message History

Duvessa is moderately wounded.
The foxfire hits Duvessa.
Duvessa is burned terribly!
Duvessa is moderately wounded.
Casting: Scorch (safe; 2% risk of failure)
Confirm with . or Enter, or press ? or * to list all spells.
Flames lash Duvessa.
Duvessa is burned terribly!
Duvessa is heavily wounded.
Duvessa hits you with a +1 rapier of speed!
Unknown command.
Casting: Scorch (safe; 2% risk of failure)
Confirm with . or Enter, or press ? or * to list all spells.
Flames lash Duvessa.
Duvessa is burned terribly!
Duvessa is severely wounded.
Duvessa barely misses you.
Duvessa hits you with a +1 rapier of speed.
Unknown command.
Casting: Scorch (safe; 2% risk of failure)
Confirm with . or Enter, or press ? or * to list all spells.
Flames lash Duvessa.
Duvessa is burned terribly!
Duvessa is almost dead.
Duvessa hits you with a +1 rapier of speed!
Duvessa hits you with a +1 rapier of speed.
Unknown command.
Aiming: Iceblast
Press: ? - help, Shift-Dir - straight line The mass of ice explodes!
The iceblast engulfs Duvessa.
Duvessa is almost dead.
Duvessa hits you with a +1 rapier of speed! x2
* * * LOW HITPOINT WARNING * * *
Duvessa barely misses you.
Unknown command.
Okay, then.
You take a swig of the potion and twirl your +4 flail.
You barely miss Duvessa.
Duvessa is almost dead.
Magic courses through your body.
Duvessa hits you with a +1 rapier of speed.
* * * LOW HITPOINT WARNING * * *
Duvessa hits you with a +1 rapier of speed!!
You die...

#.# #.#§## ###
....### ##§....
#.v..##.###
+.#........
#..########
#..# ####
#.e####### ...#
#.@....... ..##
#######.#######
...# #........#
..## #######..#
..# #######..#
..# #........#
..# #<######.#
[.# #.# ..# ..#
#.# #...


You could see Duvessa (berserk, combustible).

Vanquished Creatures
  An ogre (D:5)
  A bullfrog (D:4)
  A scorpion (D:5)
  Dowan (D:5)
  A howler monkey (D:5)
  2 hounds (D:5)
  2 orc priests (D:5)
  7 orc wizards
  7 adders
  2 ufetubi (D:5)
  4 dart slugs
  A ribbon worm (D:2)
  26 orcs
  5 endoplasms
  8 goblins
  9 hobgoblins
  3 jackals (D:4)
  A quokka (D:2)
  7 ball pythons
  4 bats
  3 frilled lizards
  3 kobolds
  7 rats
106 creatures vanquished.

Vanquished Creatures (collateral kills)
  A foxfire (D:1)
1 creature vanquished.

Vanquished Creatures (others)
  210 foxfires
210 creatures vanquished.

Grand Total: 317 creatures vanquished

Notes
Turn   | Place    | Note
-------+----------+-------------------------------------------
     0 | D:1      | whatisthis the Oni Fire Elementalist began the quest for
                  | the Orb.
     0 | D:1      | Reached XP level 1. HP: 16/16 MP: 3/3
   101 | D:1      | Reached skill level 1 in Conjurations
   276 | D:1      | Found Zukhutz's Weapon Shoppe.
   472 | D:1      | Reached XP level 2. HP: 24/24 MP: 1/5
  1014 | D:1      | Learned a level 2 spell: Scorch
  1087 | D:2      | Reached XP level 3. HP: 27/31 MP: 1/7
  1831 | D:2      | Reached XP level 4. HP: 39/39 MP: 3/9
  2364 | D:3      | Reached XP level 5. HP: 33/45 MP: 3/10
  2566 | D:3      | Found an opulent altar of Gozag.
  2854 | D:3      | Found a runed translucent door.
  2856 | D:3      | Noticed asd2613's ghost (amateur DrSh)
  3609 | D:4      | Found a staircase to the Ecumenical Temple.
  3638 | Temple   | Entered the Ecumenical Temple
  3676 | Temple   | Became a worshipper of Sif Muna the Loreminder
  3722 | D:4      | You fall into a shaft and drop 2 floors!
  3749 | D:5      | Entered Level 5 of the Dungeon
  3879 | D:5      | Reached XP level 6. HP: 53/53 MP: 6/12
  4475 | D:4      | Reached skill level 5 in Spellcasting
  4736 | D:4      | Reached XP level 7. HP: 59/59 MP: 9/14
  5025 | D:5      | Reached * piety under Sif Muna
  5230 | D:5      | Reached skill level 5 in Fire Magic
  5503 | D:5      | Noticed Dowan
  5511 | D:5      | Killed Dowan
  5515 | D:5      | Noticed Duvessa
  5524 | D:5      | Mangled by Duvessa

Illustrated notes

Levels and vault maps discovered:
D:1:      scummos_arrival_star, layout_loops_cross, serial_shops, shop,
          minmay_hedge_maze, minmay_statues_item, minmay_split_cup_large
D:2:      layout_basic
D:3:      layout_rooms, nicolae_gozag_cash_rules_everything_around_me,
          ebering_ghost_inner_flame
D:4:      layout_gridville, minmay_temple_entry_statues_pillars,
          minmay_distorted
D:5:      layout_loops_ring, cheibrodos_worm_habitat, fountainhead,
          kennysheep_minor_cross, water_maze_lemuel, uniq_duvessa
D:6:      layout_loops_ring, nicolae_overflow_hidden_temple, serial_shops, shop,
          shop
Temple:   minmay_temple_bridge_abc

Skill      XL: |  1  2  3  4  5  6  7 |
---------------+----------------------+-----
Conjurations   | 1 2 3 4 |  4.3
Fire Magic     | 3 4 5 |  5.2
Spellcasting   | 3 4 5 |  5.9
Dodging        | |  1.7
Stealth        | |  1.4

Action                     |  1- 3 |  4- 6 |  7- 9 || total
---------------------------+-------+-------+-------++-------
  Melee: Unarmed           |       |     4 |       ||     4
         Headbutt          |       |     1 |       ||     1
         Flail             |       |       |     2 ||     2
         Trident           |       |       |     1 ||     1
   Cast: Foxfire           |    45 |    85 |    29 ||   159
         Scorch            |    14 |    37 |    20 ||    71
  Evoke: Wand              |       |       |     1 ||     1
    Use: Potion            |       |       |     1 ||     1
 Armour: Robe              |    19 |    25 |    14 ||    58
  Dodge: Dodged            |    16 |    18 |     5 ||    39

Table legend: (Time is in decaauts)
 A = Elapsed time spent in this place.
 B = Non-inter-level travel time spent in this place.
 C = Inter-level travel time spent in this place.
 D = Time resting spent in this place.
 E = Time spent auto-exploring this place.
 F = Levels seen in this place.
 G = Mean time per level.
                   A        B        C        D        E       F      G
               +--------+--------+--------+--------+--------+-----+--------+
         Total |   5528 |   5333 |    195 |   1121 |   3193 |   7 |  789.7 |
       Dungeon |   5454 |   5313 |    141 |   1121 |   3193 |   6 |  909.0 |
        Temple |     73 |     19 |     54 |      0 |      0 |   1 |   73.0 |
               +--------+--------+--------+--------+--------+-----+--------+

Top non-repeatable levels by time:
     D:4: 1337 daAuts
     D:3: 1120 daAuts
     D:2: 1075 daAuts
     D:1: 1061 daAuts
     D:5: 833 daAuts
  Temple: 73 daAuts
     D:6: 26 daAuts
